AoeStats
← Chaac1706

Arabia

504329461Analyzed
1v1 RM · 28d ago on Sep 4, 2026· 51m 9s· 2 players
Game mode
Random Map
Map size
Tiny (2 player)
Population
200
Speed
Normal
Resources
Standard
Victory
Conquest
Starting age
Dark Age
Ending age
Imperial Age
RankedLock teamsTeams togetherTeam positionsShared explorationLock speedFull tech treeHidden civsTurbo modeCheats
Victory
Defeat
🇨🇴 Muisca · Colombia
1166
+17
🇦🇷 Bohemians · Argentina
1195
-17
Chaac1706
2:56 Loom
9:34 Feudal Age
10:13 Champi Runner
14:34 Wheelbarrow
15:44 Double-Bit Axe
16:18 Horse Collar
19:38 Fletching
23:14 Castle Age
21:50 Gold Mining
22:10 Fletching
22:21 Padded Archer Armor
23:24 Town Watch
23:22 Crossbowman
24:01 Bodkin Arrow
27:46 Thumb Ring
30:10 Hand Cart
33:11 Bow Saw
33:32 Sanctity
33:23 Fervor
37:48 Imperial Age
35:50 Ballistics
35:55 Leather Archer Armor
36:31 Gold Shaft Mining
36:20 Redemption
36:45 Scale Mail Armor
36:55 Forging
36:23 Champi Warrior
37:03 Squires
37:21 Herbalism
39:07 Hoardings
39:14 Elite Champi Warrior
41:04 Arbalester
43:44 Block Printing
44:05 Theocracy
46:32 Iron Casting
45:59 Bracer
46:14 Chain Mail Armor
51:36 Chemistry
50:42 Siege Engineers
RICARDONE ES SABALERO
7:15 Loom
9:48 Feudal Age
10:19 Double-Bit Axe
10:26 Man-at-Arms
21:39 Castle Age
19:46 Horse Collar
22:44 Bow Saw
23:22 Wheelbarrow
23:33 Crossbowman
24:32 Heavy Plow
26:12 Fletching
26:23 Padded Archer Armor
27:26 Hand Cart
35:38 Imperial Age
33:17 Town Watch
34:48 Chemistry
35:16 Scale Barding Armor
34:36 Light Cavalry
35:16 Husbandry
37:01 Elite Hussite Wagon
39:28 Ballistics
42:28 Chain Barding Armor
42:18 Forging
49:07 Conscription
51:02 Bodkin Arrow
Connection lost

Rejoining the realm…

Still unreachable

The connection could not be restored.

Session expired

The server has moved on; the page needs a fresh start.